 Dungeon Crawl Stone Soup version 0.22.1 (webtiles) character file.

81 GsBirdie the Ducker (level 4, 0/21 HPs)
             Began as a Spriggan Conjurer on Sept 17, 2018.
             Slain by Grinder (4 damage)
             ... on level 2 of the Dungeon.
             The game lasted 00:13:29 (3314 turns).

GsBirdie the Ducker (Spriggan Conjurer)             Turns: 3314, Time: 00:13:30

Health: 0/21       AC:  4    Str:  5    XL:     4   Next: 20%
Magic:  8/9        EV: 19    Int: 16    God:
Gold:   30         SH:  0    Dex: 16    Spells: 7/8 levels left

rFire    x . .     SeeInvis +   d - -2 short sword (curse)
rCold    + . .     Gourm    .   (shield restricted)
rNeg     . . .     Faith    .   a - +0 robe
rPois    .         Spirit   .   (helmet restricted)
rElec    .         Reflect  .   (no cloak)
rCorr    .         Harm     .   (gloves unavailable)
MR       .....                  (boots unavailable)
Stlth    ++........             k - amulet of rage
HPRegen  0.07/turn              j - +2 ring of protection
MPRegen  0.11/turn              m - ring of ice

@: very quick
A: very small, unfitting armour, see invisible, herbivore, speed 3, slow
metabolism 2
a: Evoke Berserk Rage


You were on level 2 of the Dungeon.
You were not hungry.

You visited 1 branch of the dungeon, and saw 3 of its levels.

You collected 30 gold pieces.

Inventory:

Hand Weapons
 d - a cursed -2 short sword (weapon)
Armour
 a - a +0 robe (worn)
Jewellery
 j - a +2 ring of protection (left hand)
 k - an amulet of rage (around neck)
 m - a ring of ice (right hand)
Scrolls
 b - 2 scrolls of identify {unknown}
 e - 2 scrolls of fear {unknown}
 h - a scroll of remove curse {unknown}
 i - 2 scrolls of enchant weapon
Potions
 f - a potion of haste {unknown}
 g - a potion of ambrosia {unknown}
 l - a potion of brilliance {unknown}
Comestibles
 c - 2 rations


   Skills:
 * Level 2.6 Short Blades
 + Level 4.1 Dodging
 - Level 3.0 Stealth
 - Level 2.6 Spellcasting
 + Level 3.4 Conjurations


You had 7 spell levels left.
You knew the following spells:

 Your Spells              Type           Power        Failure   Level  Hunger
a - Magic Dart            Conj           ##..         4%          1    #......

Your spell library contained the following spells:

 Spells                   Type           Power        Failure   Level  Hunger
 Searing Ray              Conj           ##....       7%          2    ##.....
 Dazzling Spray           Conj/Hex       #.....       28%         3    ###....
 Iskenderun's Mystic Bla  Conj           ##......     43%         4    #####..
 Force Lance              Conj/Tloc      #.......     67%         4    #####..
 Fulminant Prism          Conj/Hex       #.........   67%         4    #####..


Dungeon Overview and Level Annotations

Branches:
Dungeon (3/15)

Altars:
Ashenzari
Dithmenos
Gozag
Hepliaklqana

Annotations:
D:2 Grinder


Innate Abilities, Weirdness & Mutations

You are very small and have problems with some larger weapons.
You are too small for most types of armour.
You have supernaturally acute eyesight. (SInv)
You are a herbivore.
You cover ground extremely quickly.
You need to consume almost no food.


Message History

Grinder is lightly wounded.
Grinder gestures at you. You resist with some effort.
Okay, then.
You fail to use your ability.
Grinder gestures at you. You resist with some effort.
You barely miss Grinder.
Grinder is lightly wounded.
Grinder misses you.
You fail to use your ability.
Grinder gestures at you. Pain shoots through your body!
* * * LOW HITPOINT WARNING * * *
You barely miss Grinder.
Grinder is lightly wounded.
Grinder hits you.
* * * LOW HITPOINT WARNING * * *
You writhe in agony.
You die...

####..............#####.#
#. ##.###.#######.......#
#. #.# #.# #.......# #.
#####.# #.## #(####### #.
......# #..# ####(## #.
####### ##.#
#..(..#############. ..#
#.# #.....#.............
#.########.#
#...5...##########..
#..........# #..@..#####
#.# #..#########
#..[......# #.# #..#
###.#####.# #.# #..# #.#
#.# #.# #..# #####.# #.#
#.# #..# ##...#.# #.# #.#
#..# ##......# #.# #..
#..# ##.......## #.# #..
#..######.....)...####.#
#..


You could see Grinder.

Vanquished Creatures
  3 adders (D:2)
  A dart slug (D:2)
  2 orcs (D:2)
  2 giant cockroaches (D:1)
  8 goblins
  5 hobgoblins
  A quokka (D:2)
  9 bats
  2 frilled lizards (D:2)
  15 kobolds
  2 rats
50 creatures vanquished.

Notes
Turn   | Place    | Note
-------+----------+-------------------------------------------
     0 | D:1      | GsBirdie the Spriggan Conjurer began the quest for the Orb.
     0 | D:1      | Reached XP level 1. HP: 9/9 MP: 5/5
   492 | D:1      | Reached XP level 2. HP: 13/13 MP: 2/6
   896 | D:1      | Reached skill level 1 in Short Blades
  1497 | D:2      | Reached XP level 3. HP: 11/16 MP: 1/8
  1993 | D:2      | Reached skill level 4 in Dodging
  2165 | D:2      | Reached XP level 4. HP: 21/21 MP: 5/9
  2209 | D:2      | Found a shattered altar of Ashenzari.
  2212 | D:2      | Found a shadowy altar of Dithmenos.
  2213 | D:2      | Found an opulent altar of Gozag.
  2863 | D:2      | Found a hazy altar of Hepliaklqana.
  3007 | D:3      | Noticed Grinder
  3314 | D:2      | Slain by Grinder

Skill      XL: |  1  2  3 |
---------------+----------+-----
Conjurations   | 3 |  3.4
Short Blades   | 1 2 |  2.6
Dodging        | 4 |  4.1
Stealth        | |  3.0
Spellcasting   | |  2.6

Action                   |  1- 3 |  4- 6 || total
-------------------------+-------+-------++-------
Melee: Unarmed           |    37 |       ||    37
       Short sword       |    26 |    10 ||    36
 Cast: Magic Dart        |    96 |    34 ||   130
 Abil: Evoke Berserk Rag |       |     1 ||     1
  Use: Scroll            |       |     1 ||     1
  Eat: Ration            |       |     1 ||     1
Armor: Robe              |    15 |     1 ||    16
Dodge: Dodged            |    93 |    11 ||   104
